 Dungeon Crawl Stone Soup version 0.21.1-74-g47da925 (webtiles) character file.

356 Madoushi the Covered (level 6, -4/39 HPs)
             Began as a Gargoyle Fighter on Aug 7, 2018.
             Slain by a two-headed ogre
             ... wielding a +0 great mace
              (10 damage)
             ... on level 3 of the Dungeon.
             The game lasted 00:05:27 (3198 turns).

Madoushi the Covered (Gargoyle Fighter)             Turns: 3198, Time: 00:05:27

Health: -4/39      AC: 11    Str: 22    XL:     6   Next: 63%
Magic:  6/6        EV:  7    Int:  8    God:
Gold:   98         SH:  9    Dex:  9    Spells: 5/5 levels left

rFire    . . .     SeeInvis .   a - +0 war axe
rCold    . . .     Gourm    .   c - +0 shield
rNeg     + . .     Faith    .   b - +0 scale mail
rPois    ∞         Spirit   .   (no helmet)
rElec    +         Reflect  .   (no cloak)
rCorr    .         Harm     .   (no gloves)
MR       .....                  (no boots)
Stlth    ..........             (no amulet)
HPRegen  0.13/turn              (no ring)
MPRegen  0.10/turn              (no ring)

@: no status effects
A: negative energy resistance 1, electricity resistance, unbreathing,
petrification resistance, rot immunity, AC +4
a: no special abilities


You were on level 3 of the Dungeon.
You were very hungry.

You visited 1 branch of the dungeon, and saw 4 of its levels.

You collected 98 gold pieces.

Inventory:

Hand Weapons
 a - a +0 war axe (weapon)
 o - a +3 war axe
Armour
 b - a +0 scale mail (worn)
 c - a +0 shield (worn)
 r - a +0 large shield
Jewellery
 m - an uncursed ring of teleportation
Wands
 q - a wand of enslavement (9)
Scrolls
 e - a scroll of enchant weapon {unknown}
 g - a scroll of identify {unknown}
 i - 4 scrolls of immolation
 k - a scroll of amnesia {unknown}
 p - a scroll of teleportation {unknown}
Potions
 d - a potion of might
 h - 2 potions of degeneration {unknown}
 j - a potion of brilliance {unknown}
 l - a potion of curing {unknown}
 n - a potion of cancellation {unknown}
 s - a potion of ambrosia {unknown}
Comestibles
 f - 8 rations


   Skills:
 + Level 4.6 Fighting
 * Level 4.1 Axes
 + Level 4.6 Armour
 + Level 4.5 Shields


You had 5 spell levels left.
You didn't know any spells.

Dungeon Overview and Level Annotations

Branches:
Dungeon (4/15)
 Temple: D:4-7

Altars:
Ashenzari
Kikubaaqudgha


Innate Abilities, Weirdness & Mutations

You are resistant to torment.
Your stone body is resilient. (AC +4)
You are immune to poison.
You resist negative energy. (rN+)
You are resistant to electric shocks. (rElec)
You can survive without breathing.
You are immune to petrification.
You are immune to rotting.


Message History

You hit the two-headed ogre. You block the adder's attack. x2
The two-headed ogre barely misses you. You block the two-headed ogre's attack.
You closely miss the adder.
The adder is moderately wounded.
You hit the two-headed ogre but do no damage.
The adder bites you. You block the two-headed ogre's attack.
The two-headed ogre hits you with a giant club.
The adder barely misses you. You block the adder's attack.
The two-headed ogre closely misses you. You block the two-headed ogre's attack.
You climb upwards.
There is a stone staircase leading down here.
You barely miss the adder.
The adder is moderately wounded.
You hit the two-headed ogre. The adder barely misses you.
You block the adder's attack.
The two-headed ogre hits you with a great mace!
* * * LOW HITPOINT WARNING * * *
The two-headed ogre hits you with a giant club!
You die...

#####
....##############
...............O@#
........########S#
#.##.##.# #.# .....##.#
#(# #.##.##.# #.#
#.#..##.# ##.######
...#.##.#######...#...#
#.##.##...............#
#.##.##########...#...#


You could see a two-headed ogre and an adder.

Vanquished Creatures
  3 wights
  An orc priest (D:3)
  Terence (D:3)
  3 gnolls (D:3)
  5 adders
  An ooze (D:3)
  A worm (D:2)
  2 dart slugs
  A leopard gecko (D:2)
  10 orcs (D:3)
  A ball python (D:3)
  6 bats
  2 bat zombies (D:2)
  4 giant cockroaches
  7 goblins
  8 hobgoblins
  11 jackals (D:2)
  6 kobolds
  A quokka (D:2)
  4 frilled lizards
  6 rats
  A rat zombie (D:2)
85 creatures vanquished.

Notes
Turn   | Place    | Note
-------+----------+-------------------------------------------
     0 | D:1      | Madoushi the Gargoyle Fighter began the quest for the Orb.
     0 | D:1      | Reached XP level 1. HP: 14/14 MP: 1/1
   318 | D:1      | Reached XP level 2. HP: 17/19 MP: 2/2
   724 | D:2      | Reached XP level 3. HP: 17/23 MP: 3/3
  1082 | D:2      | Found a faded altar of an unknown god.
  1130 | D:2      | Found a shattered altar of Ashenzari.
  1321 | D:2      | Reached XP level 4. HP: 29/29 MP: 4/4
  1585 | D:2      | Found an ancient bone altar of Kikubaaqudgha.
  2085 | D:2      | Reached XP level 5. HP: 25/33 MP: 5/5
  2286 | D:3      | Reached XP level 6. HP: 39/39 MP: 6/6
  2676 | D:3      | Noticed Terence
  2691 | D:3      | Killed Terence
  3019 | D:4      | Noticed a two-headed ogre
  3198 | D:3      | Slain by a two-headed ogre

Skill      XL: |  1  2  3  4  5  6 |
---------------+-------------------+-----
Axes           | 2 3 4 |  4.1
Armour         | 4 |  4.6
Fighting       | 4 |  4.6
Shields        | 4 |  4.5

Action                   |  1- 3 |  4- 6 || total
-------------------------+-------+-------++-------
Melee: War axe           |   178 |   234 ||   412
  Use: Scroll            |       |     3 ||     3
  Eat: Chunk             |     2 |     5 ||     7
Armor: Scale mail        |    92 |   136 ||   228
Dodge: Dodged            |    68 |    83 ||   151
Block: Shield            |   106 |   145 ||   251
